 Dungeon Crawl Stone Soup version 0.30-a0-218-gedb9141078 (webtiles) character file.

Game seed: 41203907602527505

130 billz999 the Ogre Mage (level 5, -11/45 HPs)
             Began as an Ogre Air Elementalist on Oct 6, 2022.
             Was a Follower of Nemelex Xobeh.
             Mangled by an ogre
             ... wielding a +0 giant club
              (23 damage)
             ... on level 4 of the Dungeon.
             The game lasted 00:11:47 (3796 turns).

billz999 the Ogre Mage (Ogre Air Elementalist)      Turns: 3796, Time: 00:11:48

Health: -11/45     AC:  3    Str: 12    XL:     5   Next: 13%
Magic:  0/10       EV:  9    Int: 18    God:    Nemelex Xobeh [*.....]
Gold:   159        SH:  0    Dex:  9    Spells: 3/11 levels left

rFire   . . .      SeeInvis .    f - +4 dagger
rCold   . . .      Faith    .    (no shield)
rNeg    . . .      Spirit   .    a - +0 robe
rPois   .          Reflect  .    (helmet restricted)
rElec   .          Harm     .    (no cloak)
rCorr   .          Rampage  .    (gloves unavailable)
Will    +....                    (boots unavailable)
Stlth   +.........               (no amulet)
HPRegen 0.27/turn                i - ring of willpower
MPRegen 0.12/turn                (no ring)

@: no status effects
A: large, unfitting armour, tough skin 1
a: Renounce Religion, Draw Escape, Draw Destruction, Draw Summoning


You were on level 4 of the Dungeon.
You worshipped Nemelex Xobeh.
Nemelex Xobeh was aware of your devotion.
You visited 1 branch of the dungeon, and saw 4 of its levels.

You collected 159 gold pieces.

Inventory:

Hand Weapons
 d - a +0 dagger
 f - a +4 dagger (weapon)
Missiles
 h - 6 boomerangs of dispersal
Armour
 a - a +0 robe (worn)
Jewellery
 i - a ring of willpower (left hand)
Scrolls
 c - 2 scrolls of teleportation {unknown}
 e - 3 scrolls of enchant weapon {unknown}
 g - 5 scrolls of noise {unknown}
 j - a scroll of immolation {unknown}
 m - a scroll of torment {unknown}
Potions
 b - a potion of magic
 k - a potion of heal wounds {unknown}
 l - a potion of might {unknown}
 n - a potion of brilliance {unknown}
 o - a potion of curing {unknown}


   Skills:
 * Level 1.4 Short Blades
 - Level 1.8 Dodging
 - Level 1.5 Stealth
 * Level 3.8 Spellcasting
 * Level 2.5 Conjurations
 + Level 3.1 Air Magic


You had 3 spell levels left.
You knew the following spells:

 Your Spells              Type           Power      Damage    Failure   Level
a - Shock                 Conj/Air       52%        1d6       4%          1
b - Blink                 Tloc           6%         N/A       22%         2
c - Static Discharge      Conj/Air       26%        2-4/arc   7%          2
d - Swiftness             Air            14%        N/A       12%         3

Your spell library contained the following spells:

 Spells                   Type           Power      Damage    Failure   Level
 Momentum Strike          Conj/Tloc      14%        3d8       14%         2
 Apportation              Tloc           6%         N/A       16%         1
 Summon Small Mammal      Summ           12%        N/A       16%         1
 Call Canine Familiar     Summ           3%         N/A       41%         3
 Frozen Ramparts          Ice            6%         1d1       41%         3
 Lesser Beckoning         Tloc           6%         N/A       41%         3
 Summon Guardian Golem    Hex/Summ       3%         N/A       41%         3
 Airstrike                Air            7%         2d(1-17)  38%         4
 Ice Form                 Ice/Tmut       3%         N/A       83%         4
 Summon Ice Beast         Ice/Summ       3%         N/A       83%         4
 Alistair's Intoxication  Tmut/Pois      2%         N/A       99%         5


Dungeon Overview and Level Annotations

Branches:
Dungeon (4/15)
 Temple: D:4-7

Altars:
Dithmenos
Nemelex Xobeh
Okawaru
Ru
Vehumet

Shops:
D:1 (

Annotations:
D:4 Blork the orc


Innate Abilities, Weirdness & Mutations

You are too large for most types of armour.
You have tough skin. (AC +1)


Message History

Casting: Shock (safe; 4% risk of failure)
Confirm with . or Enter, or press ? or * to list all spells.
Aiming: Shock (safe; 4% risk of failure)
Press: ? - help, Shift-Dir - straight line Unknown command.
Casting: Shock (safe; 4% risk of failure)
Confirm with . or Enter, or press ? or * to list all spells.
Aiming: Shock (safe; 4% risk of failure)
Press: ? - help, Shift-Dir - straight line The zap hits the ogre.
The ogre is severely wounded.
Casting: Shock (safe; 4% risk of failure)
Confirm with . or Enter, or press ? or * to list all spells.
Aiming: Shock (safe; 4% risk of failure)
Press: ? - help, Shift-Dir - straight line The zap hits the ogre.
The ogre is almost dead.
You feel stable enough to blink again.
You aren't carrying any items that you can evoke.
Casting: Shock (safe; 4% risk of failure)
Confirm with . or Enter, or press ? or * to list all spells.
Aiming: Shock (safe; 4% risk of failure)
Press: ? - help, Shift-Dir - straight line Unknown command.
The ogre hits you with a +0 giant club!!
You hit the ogre.
The ogre is almost dead.
The ogre hits you with a +0 giant club!
* * * LOW HITPOINT WARNING * * *
Casting: Shock (safe; 4% risk of failure)
Confirm with . or Enter, or press ? or * to list all spells.
Aiming: Shock (safe; 4% risk of failure)
Press: ? - help, Shift-Dir - straight line The zap misses the ogre.
The zap hits the ogre.
The ogre is almost dead.
The ogre attacks as you move away!
The ogre hits you with a +0 giant club!!
Ouch! That really hurt!
You die...
Your body disappears without a glow.

### #.. .######## #.# ##
..### ........#####.# #.#
..#.. ...........##.##..
..... #######.<...#.#.# #
..#.# #.........##.##..#.#
#....>..O....##..#.#
#.......@.#####..#.##.###
...........#.###....<......
#####...#####.#<##)........
##.## ##.#####!##.### #.#
### #.# # #.# #.# #.# .$.
.#.


You could see an ogre.

Vanquished Creatures
  Robin (D:2)
  3 adders
  A worm (D:3)
  2 dart slugs
  8 orcs
  7 ball pythons
  5 bats
  An endoplasm (D:4)
  4 giant cockroaches
  14 goblins
  8 hobgoblins
  2 kobolds (D:3)
  3 quokkas
  8 frilled lizards
  2 rats
69 creatures vanquished.

Vanquished Creatures (others)
  A withered plant (D:1)
1 creature vanquished.

Grand Total: 70 creatures vanquished

Notes
Turn   | Place    | Note
-------+----------+-------------------------------------------
     0 | D:1      | billz999 the Ogre Air Elementalist began the quest for the
                  | Orb.
     0 | D:1      | Reached XP level 1. HP: 16/16 MP: 3/3
    98 | D:1      | Reached skill level 1 in Conjurations
   183 | D:1      | Reached XP level 2. HP: 24/24 MP: 1/5
   386 | D:1      | Learned a level 2 spell: Blink
   389 | D:1      | Learned a level 2 spell: Static Discharge
   413 | D:1      | Found a faded altar of an unknown god.
   460 | D:1      | Found Noepiomu's Weapon Shop.
   775 | D:1      | Reached XP level 3. HP: 31/31 MP: 4/7
  1194 | D:2      | Found a sparkling altar of Nemelex Xobeh.
  1219 | D:2      | Became a worshipper of Nemelex Xobeh the Trickster
  1747 | D:2      | Reached XP level 4. HP: 39/39 MP: 5/8
  1747 | D:2      | Noticed Robin
  2150 | D:3      | Reached skill level 1 in Short Blades
  2395 | D:2      | Reached * piety under Nemelex Xobeh
  2455 | D:2      | Killed Robin
  3062 | D:3      | Reached XP level 5. HP: 45/45 MP: 7/10
  3208 | D:3      | Found a sacrificial altar of Ru.
  3209 | D:3      | Found a radiant altar of Vehumet.
  3212 | D:3      | Received a gift from Nemelex Xobeh
  3259 | D:3      | Found a shadowy altar of Dithmenos.
  3259 | D:3      | Found an iron altar of Okawaru.
  3659 | D:4      | Noticed Blork the orc
  3659 | D:4      | Noticed an ogre
  3733 | D:3      | Learned a level 3 spell: Swiftness
  3796 | D:4      | Mangled by an ogre

Illustrated notes

Levels and vault maps discovered:
D:1:      dpeg_arrival_erosion, layout_basic, serial_shops, shop,
          shapermc_ecumenical_altar_flowoftime
D:2:      layout_basic, basic_altar, uniq_robin
D:3:      layout_basic, chequers_temple_overflow_statue_of_worship,
          amethyst_overflow_temple_binary
D:4:      layout_loops_ring, supply_closet_lemuel, uniq_blork_the_orc

Skill      XL: |  1  2  3  4 |
---------------+-------------+-----
Conjurations   | 1 2 |  2.5
Spellcasting   | 3 |  3.8
Air Magic      | 3 |  3.1
Short Blades   | 1 |  1.4
Dodging        | |  1.8
Stealth        | |  1.5

Action                   |  1- 3 |  4- 6 || total
-------------------------+-------+-------++-------
Melee: Unarmed           |     5 |       ||     5
       Dagger            |    27 |     6 ||    33
 Cast: Shock             |    77 |    82 ||   159
       Blink             |       |     1 ||     1
 Stab: Sleeping          |     1 |       ||     1
Armor: Robe              |     7 |     5 ||    12
Dodge: Dodged            |    27 |     7 ||    34

Table legend: (Time is in decaauts)
 A = Elapsed time spent in this place.
 B = Non-inter-level travel time spent in this place.
 C = Inter-level travel time spent in this place.
 D = Time resting spent in this place.
 E = Time spent auto-exploring this place.
 F = Levels seen in this place.
 G = Mean time per level.
                   A        B        C        D        E       F      G
               +--------+--------+--------+--------+--------+-----+--------+
         Total |   3794 |   3574 |    220 |    519 |   2632 |   4 |  948.5 |
       Dungeon |   3794 |   3574 |    220 |    519 |   2632 |   4 |  948.5 |
               +--------+--------+--------+--------+--------+-----+--------+

Top non-repeatable levels by time:
     D:3: 1663 daAuts
     D:1: 1150 daAuts
     D:2: 938 daAuts
     D:4: 42 daAuts
